 Dungeon Sprint DCSS version 0.19.0-23-gf02e663 (webtiles) character file.

18447 yay the Slayer (level 12, -4/140 HPs)
             Began as a Minotaur Berserker on Nov 20, 2016.
             Was the Champion of Trog.
             Slain by a frost giant
             ... wielding a +2 battleaxe of freezing
              (21 damage)
             ... in the Dungeon (Sprint IX: "|||||||||||||||||||||||||||||").
             The game lasted 00:10:19 (1631 turns).

yay the Slayer (Minotaur Berserker)                 Turns: 1631, Time: 00:10:20

Health: -4/140     AC: 17    Str: 27    XL:     12   Next: 27%
Magic:  11/11      EV: 12    Int:  8    God:    Trog [******]
Gold:   1119       SH: 18    Dex: 10    Spells: 0 memorised, 11 levels left

rFire  . . .     SeeInvis .     J - +3 mace "Mofaas" {vamp, rPois rC+ Int-3} (curse)
rCold  + . .     Gourm    .     M - +1 ring mail "Von Giuq" {Int+4 Slay+2}
rNeg   . . .     Faith    .     D - +0 large shield
rPois  +         Spirit   .     B - +0 hat {Int+3}
rElec  .         Reflect  .     A - +0 cloak
rCorr  +         Harm     .     L - +1 pair of gloves
MR     +++++     NoTele   +     F - +1 pair of boots "Ysaesuz" {MR+ rCorr}
Stlth  +.........               (no amulet)
                                H - ring of protection from magic
                                G - ring of protection from magic

@: exhausted, regenerating, slowed, very slow
A: retaliatory headbutt, horns 2
a: Berserk, Trog's Hand, Brothers in Arms, Burn Spellbooks, Renounce Religion


You were in the Dungeon.
You worshipped Trog.
Trog was exalted by your worship.
You were very hungry.

You visited 1 branch You collected 1926 gold pieces.
You spent 807 gold pieces at shops.

Inventory:

Hand Weapons
 a - a +0 mace
 n - a +2 dire flail of crushing
 y - a +2 morningstar of holy wrath
 J - the cursed +3 mace "Mofaas" (weapon) {vamp, rPois rC+ Int-3}
   (You found it in the Dungeon)

   It inflicts no extra harm, but heals its wielder when it wounds a living foe.
   It affects your intelligence (-3).
   It protects you from cold.
   It protects you from poison.
   It has a curse placed upon it.
 K - the +0 sword of Power
   (You found it in the Dungeon)
Armour
 A - a +0 cloak (worn)
 B - a +0 hat of intelligence (worn)
 D - a +0 large shield (worn)
 F - the +1 pair of boots "Ysaesuz" (worn) {MR+ rCorr}
   (You bought it in a shop in the Dungeon)

   It affects your resistance to hostile enchantments.
   It protects you from acid and corrosion.
 L - a +1 pair of gloves (worn)
 M - the +1 ring mail "Von Giuq" (worn) {Int+4 Slay+2}
   (You found it in the Dungeon)

   It affects your intelligence (+4).
   It affects your accuracy and damage with ranged weapons and melee attacks
   (+2).
 N - a +2 plate armour
Jewellery
 c - an uncursed ring of fire
 q - a +2 ring of evasion
 r - a +3 ring of strength
 G - a ring of protection from magic (left hand)
 H - a ring of protection from magic (right hand)
 I - an uncursed ring of protection from magic
Wands
 m - a wand of lightning (7/15)
 u - a wand of enslavement (16/24)
Scrolls
 i - 3 scrolls of blinking
 l - 5 scrolls of remove curse
 o - 2 scrolls of enchant weapon
 v - 2 scrolls of fog
 w - 2 scrolls of fear
 x - a scroll of identify
Potions
 d - 9 potions of curing
 e - 5 potions of heal wounds
 f - a potion of haste
 g - 4 potions of magic
 h - a potion of berserk rage
 j - a potion of resistance
 k - a potion of invisibility
 t - 4 potions of might
Comestibles
 b - 12 bread rations
 s - 39 fruits
 z - 12 meat rations


   Skills:
 - Level 23.1 Fighting
 - Level 15.0 Maces & Flails
 - Level 18.7 Armour
 - Level 8.3 Dodging
 - Level 0.5 Stealth
 + Level 10.2 Shields


You had 11 spell levels left.
You didn't know any spells.

Dungeon Overview and Level Annotations

Branches:
Dungeon (1/1)

Altars:
Cheibriados
Dithmenos
Elyvilon
Fedhas
Gozag
Hepliaklqana
Kikubaaqudgha
Makhleb
Nemelex Xobeh
Okawaru
Qazlal
Ru
Sif Muna
Trog
Uskayaw
Vehumet
Xom
Yredelemnul
Zin
The Shining One
Beogh
Jiyva
Lugonu

Shops:
D %![(


Innate Abilities, Weirdness & Mutations

You reflexively headbutt those who attack you in melee.
You have a pair of horns on your head.


Message History

You are knocked back by the lance of force.
You collide with the frost giant!
The frost giant hits you but does no damage.
You block the tengu conjurer's attack.
The tengu conjurer pecks you but does no damage.
You block the tengu conjurer's attack.
You sock the frost giant!
You feel better.
The frost giant is moderately wounded.
The frost giant hits you with a battleaxe of freezing!!
* * * LOW HITPOINT WARNING * * *
The frost giant freezes you.
* * * LOW HITPOINT WARNING * * *
The tengu conjurer barely misses you. You block the tengu conjurer's attack.
The tengu conjurer claws you but does no damage.
Unknown command.
Your skin crawls.
You feel resistant to hostile enchantments.
You feel somewhat more hungry.
The frost giant hits you with a battleaxe of freezing!!
You die...

[...'...(.......[÷........÷÷)....
▓▓▓▓▓▓▓▓▓▓▓▓▓▓▓▓▓▓▓▓▓▓▓▓▓▓▓▓▓▓▓▓▓
.................................
▓▓▓▓▓▓▓▓▓▓▓▓▓▓▓▓▓▓▓▓▓▓▓▓▓▓▓▓▓▓▓▓▓
'.....∩.∩.∩)∩))))))..).))))))))'.
▓▓▓▓▓▓▓▓▓▓▓▓▓▓▓▓▓▓▓▓▓▓▓▓▓▓▓▓▓▓▓▓▓
.................................
▓▓▓▓▓▓▓▓▓▓▓▓▓▓▓▓▓▓▓▓▓▓▓▓▓▓▓▓▓▓▓▓▓
......*cCC@Q.........[[[[..
▓▓▓▓▓▓▓▓▓▓▓▓▓▓▓▓▓▓▓▓▓▓▓▓▓▓▓


You could see a frost giant, a fire giant, a centaur warrior, a tengu conjurer
and a battlesphere.

Vanquished Creatures
  Gastronok (D)
  4 dire elephants (D)
  A fire dragon (D)
  A centaur warrior (D)
  An orc knight (D)
  10 orc sorcerers (D)
  A manticore (D)
  4 elephants (D)
  A spiny frog (D)
  2 rime drakes (D)
  A komodo dragon (D)
  A polar bear (D)
  A slime creature (D)
  4 hippogriffs (D)
  A blink frog (D)
  2 basilisks (D)
  A yak (D)
  Eustachio (D)
  2 mottled dragons (D)
  2 water moccasins (D)
  2 porcupines (D)
  11 orc warriors (D)
  A phantom (D)
  A wolf (D)
  2 centaurs (D)
  2 crocodiles (D)
  2 bullfrogs (D)
  2 big kobolds (D)
  3 crimson imps (D)
  A quasit (D)
  3 orc priests (D)
  2 iguanas (D)
  7 orc wizards (D)
  A worker ant (D)
  7 orcs (D)
  2 goblins (D)
  A jackal (D)
  A quokka (D)
  A ball python (D)
  A ball python skeleton (D)
  A bat (D)
  A frilled lizard (D)
  A leopard gecko zombie (D)
98 creatures vanquished.

Notes
Turn   | Place    | Note
-------+----------+-------------------------------------------
     0 | D        | yay the Minotaur Berserker began the quest for the Orb.
     0 | D        | Reached XP level 1. HP: 19/19 MP: 0/0
     8 | D        | Reached ** piety under Trog
     8 | D        | Reached skill level 5 in Maces & Flails
    65 | D        | Noticed a crimson imp
    65 | D        | Noticed a worker ant
    70 | D        | Reached *** piety under Trog
    72 | D        | Killed a worker ant
    72 | D        | Reached XP level 2. HP: 26/26 MP: 1/1
    72 | D        | Reached XP level 3. HP: 31/31 MP: 2/2
   118 | D        | Found a roughly hewn altar of Beogh.
   118 | D        | Found a snail-covered altar of Cheibriados.
   118 | D        | Found a shadowy altar of Dithmenos.
   118 | D        | Found a white marble altar of Elyvilon.
   118 | D        | Found a blossoming altar of Fedhas.
   118 | D        | Found an opulent altar of Gozag.
   119 | D        | Found a hazy altar of Hepliaklqana.
   120 | D        | Found a viscous altar of Jiyva.
   121 | D        | Found an ancient bone altar of Kikubaaqudgha.
   122 | D        | Found a corrupted altar of Lugonu.
   123 | D        | Found a burning altar of Makhleb.
   124 | D        | Found a sparkling altar of Nemelex Xobeh.
   125 | D        | Found an iron altar of Okawaru.
   126 | D        | Found a stormy altar of Qazlal.
   127 | D        | Found a sacrificial altar of Ru.
   128 | D        | Found a deep blue altar of Sif Muna.
   129 | D        | Found a bloodstained altar of Trog.
   130 | D        | Found a hide-covered altar of Uskayaw.
   131 | D        | Found a radiant altar of Vehumet.
   132 | D        | Found a shimmering altar of Xom.
   133 | D        | Found a basalt altar of Yredelemnul.
   134 | D        | Found a glowing silver altar of Zin.
   135 | D        | Found a glowing golden altar of the Shining One.
   181 | D        | Noticed a big kobold
   181 | D        | Noticed a phantom
   188 | D        | Reached skill level 10 in Maces & Flails
   188 | D        | Reached XP level 4. HP: 31/39 MP: 3/3
   193 | D        | Killed a phantom
   193 | D        | Reached **** piety under Trog
   193 | D        | Reached XP level 5. HP: 39/45 MP: 4/4
   195 | D        | Reached skill level 4 in Fighting
   197 | D        | Reached skill level 5 in Fighting
   197 | D        | Reached XP level 6. HP: 52/56 MP: 5/5
   201 | D        | Reached ***** piety under Trog
   201 | D        | Reached skill level 6 in Fighting
   201 | D        | Reached skill level 5 in Armour
   307 | D        | Noticed a mottled dragon
   312 | D        | Reached skill level 7 in Fighting
   317 | D        | Killed a mottled dragon
   317 | D        | Reached skill level 8 in Fighting
   317 | D        | Reached XP level 7. HP: 69/69 MP: 6/6
   321 | D        | Reached skill level 9 in Fighting
   415 | D        | Noticed Eustachio
   433 | D        | Killed Eustachio
   433 | D        | Reached skill level 10 in Fighting
   433 | D        | Reached skill level 10 in Armour
   474 | D        | Noticed a spiny frog
   474 | D        | Noticed a komodo dragon
   474 | D        | Noticed a yak
   474 | D        | Noticed a basilisk
   480 | D        | Killed a basilisk
   486 | D        | Killed a yak
   486 | D        | Received a gift from Trog
   486 | D        | Reached skill level 11 in Fighting
   486 | D        | Reached XP level 8. HP: 82/82 MP: 7/7
   492 | D        | Killed a komodo dragon
   492 | D        | Reached skill level 12 in Fighting
   494 | D        | Noticed a polar bear
   496 | D        | Killed a spiny frog
   496 | D        | Reached skill level 13 in Fighting
   500 | D        | Reached XP level 9. HP: 94/94 MP: 8/8
   508 | D        | Killed a polar bear
   508 | D        | Reached ****** piety under Trog
   508 | D        | Reached skill level 14 in Fighting
   559 | D        | Noticed a rime drake
   563 | D        | Received a gift from Trog
   564 | D        | Noticed a rime drake
   575 | D        | Killed a rime drake
   575 | D        | Reached skill level 15 in Fighting
   575 | D        | Reached skill level 15 in Armour
   582 | D        | Killed a rime drake
   637 | D        | Noticed a dire elephant
   637 | D        | Noticed an elephant
   637 | D        | Noticed a dire elephant
   637 | D        | Noticed an elephant
   637 | D        | Noticed an elephant
   637 | D        | Noticed a dire elephant
   639 | D        | Noticed a dire elephant
   644 | D        | Killed a dire elephant
   644 | D        | Reached skill level 16 in Fighting
   644 | D        | Reached skill level 15 in Maces & Flails
   644 | D        | Reached XP level 10. HP: 108/108 MP: 9/9
   646 | D        | Killed an elephant
   646 | D        | Reached skill level 17 in Fighting
   649 | D        | Killed an elephant
   654 | D        | Killed a dire elephant
   654 | D        | Received a gift from Trog
   654 | D        | Reached skill level 18 in Fighting
   660 | D        | Noticed an elephant
   662 | D        | Killed a dire elephant
   662 | D        | Reached skill level 5 in Dodging
   668 | D        | Killed a dire elephant
   668 | D        | Reached skill level 19 in Fighting
   671 | D        | Killed an elephant
   671 | D        | Reached XP level 11. HP: 123/123 MP: 10/10
   766 | D        | Noticed Gastronok
   781 | D        | Killed Gastronok
   781 | D        | Reached skill level 20 in Fighting
   851 | D        | Received a gift from Trog
   867 | D        | Received a gift from Trog
   947 | D        | Noticed an orc knight
   958 | D        | Killed an orc knight
   958 | D        | Reached skill level 21 in Fighting
   964 | D        | Received a gift from Trog
   987 | D        | Received a gift from Trog
  1093 | D        | Found Lamoxki's Antique Weapon Boutique.
  1093 | D        | Noticed an orc sorcerer
  1093 | D        | Noticed an orc sorcerer
  1093 | D        | Noticed an orc sorcerer
  1093 | D        | Noticed an orc sorcerer
  1095 | D        | Noticed an orc sorcerer
  1097 | D        | Killed an orc sorcerer
  1104 | D        | Noticed an orc sorcerer
  1105 | D        | Killed an orc sorcerer
  1106 | D        | Found Rean's Antique Armour Shop.
  1108 | D        | Killed an orc sorcerer
  1112 | D        | Killed an orc sorcerer
  1112 | D        | Received a gift from Trog
  1112 | D        | Reached skill level 22 in Fighting
  1113 | D        | Found Iphuttai's Distillery.
  1114 | D        | Noticed a sixfirhy
  1118 | D        | Killed an orc sorcerer
  1121 | D        | Found Ufanero's Food Shop.
  1122 | D        | Killed an orc sorcerer
  1124 | D        | Noticed an orc sorcerer
  1124 | D        | Received a gift from Trog
  1125 | D        | Noticed an orc sorcerer
  1126 | D        | Noticed an orc sorcerer
  1127 | D        | Noticed a sixfirhy
  1135 | D        | Killed an orc sorcerer
  1136 | D        | Noticed an orc sorcerer
  1139 | D        | Noticed a sun demon
  1149 | D        | Killed an orc sorcerer
  1158 | D        | Killed an orc sorcerer
  1158 | D        | Received a gift from Trog
  1161 | D        | Killed an orc sorcerer
  1161 | D        | Reached skill level 23 in Fighting
  1161 | D        | Reached XP level 12. HP: 64/140 MP: 11/11
  1371 | D        | Bought a large shield for 148 gold pieces
  1371 | D        | Bought a pair of glowing boots for 346 gold pieces
  1371 | D        | Bought a pair of warped boots for 313 gold pieces
  1376 | D        | Identified a +2 pair of boots of running (You bought it in a shop in the Dungeon)
  1386 | D        | Identified the +1 pair of boots "Ysaesuz" {MR+ rCorr} (You bought it in a shop in the Dungeon)
  1502 | D        | Got the cursed +3 mace "Mofaas" {vamp, rPois rC+ Int-3}
  1538 | D        | Got the +1 ring mail "Von Giuq" {Int+4 Slay+2}
  1592 | D        | Noticed a centaur warrior
  1594 | D        | Received a gift from Trog
  1596 | D        | Reached skill level 5 in Shields
  1597 | D        | Noticed a fire dragon
  1604 | D        | Noticed a frost giant
  1607 | D        | Noticed a centaur warrior
  1610 | D        | Noticed a fire giant
  1620 | D        | Killed a centaur warrior
  1628 | D        | Killed a fire dragon
  1628 | D        | Reached skill level 10 in Shields
  1631 | D        | Slain by a frost giant

Skill      XL: |  1  2  3  4  5  6  7  8  9 10 11 12 |
---------------+-------------------------------------+-----
Maces & Flails | 8 10 13 14 15 | 15.0
Fighting       | 5 8 11 13 16 19 23 | 23.1
Armour         | 4 8 11 13 16 17 18 | 18.7
Dodging        | 3 6 8 |  8.3
Shields        | 10 | 10.2
Stealth        | |  0.5

Action                   |  1- 3 |  4- 6 |  7- 9 | 10-12 || total
-------------------------+-------+-------+-------+-------++-------
Melee: Mace              |    16 |       |       |    47 ||    63
       Headbutt          |     5 |     2 |    18 |    48 ||    73
       Dire flail        |     5 |    14 |    61 |   155 ||   235
Invok: Trog's Hand       |     2 |     1 |     5 |     7 ||    15
       Berserk           |     2 |     1 |     3 |     4 ||    10
  Eat: Chunk             |       |     1 |     1 |     8 ||    10
       Bread ration      |       |       |     1 |     1 ||     2
       Fruit             |       |       |       |     1 ||     1
Armor: Animal skin       |     4 |       |       |       ||     4
       Chain mail        |       |     5 |    22 |    14 ||    41
       Plate armour      |       |       |       |    21 ||    21
       Ring mail         |       |       |       |    35 ||    35
Dodge: Dodged            |    11 |     6 |    27 |    64 ||   108
Block: Large shield      |       |       |       |    50 ||    50
